 Dungeon Crawl Stone Soup version 0.31-a0-799-g6bc09d010c (webtiles) character file.

Game seed: 566126077117655294

11585 Essalna the Destroyer (level 11, -4/89 HPs)
             Began as a Demonspawn Conjurer on Sept 19, 2023.
             Was a Priest of Vehumet.
             Slain by a komodo dragon (16 damage)
             ... on level 2 of the Lair of Beasts.
             The game lasted 00:25:23 (10196 turns).

Essalna the Destroyer (Demonspawn Conjurer)        Turns: 10196, Time: 00:25:23

Health: -4/89      AC: 17    Str:  7    XL:     11   Next: 51%
Magic:  0/18       EV: 15    Int: 24    God:    Vehumet [***...]
Gold:   225        SH:  6    Dex: 18    Spells: 17/20 levels left

rFire   . . .        t - +1 dagger (venom)
rCold   + . .        J - +0 buckler
rNeg    . . .        h - +2 robe {rC+}
rPois   .            (no helmet)
rElec   .            (no cloak)
rCorr   +            c - +0 pair of gloves
SInv    .            C - +1 pair of boots {Fly}
Will    .....        (no amulet)
Stlth   ++           m - ring of resist corrosion
HPRegen 0.34/turn    q - +6 ring of dexterity
MPRegen 0.32/turn

%: guardian spirit
@: sanguine armoured, flying
A: powered by death 2, magic shield, magic regeneration, sanguine armour 2,
weakness stinger 1
a: Renounce Religion


You were on level 2 of the Lair of Beasts.
You worshipped Vehumet.
Vehumet was most pleased with you.
You visited 3 branches of the dungeon, and saw 11 of its levels.
You also visited: Ossuary.

You collected 533 gold pieces.
You spent 308 gold pieces at shops.

Inventory:

Hand Weapons
 d - a +0 dagger
 t - a +1 dagger of venom (weapon)
Armour
 a - a +0 robe
 c - a +0 pair of gloves (worn)
 h - a +2 robe of cold resistance (worn)
 C - a +1 pair of boots of flying (worn)
 J - a +0 buckler (worn)
 K - a +1 ring mail of fire resistance
Magical Staves
 l - a staff of fire
Jewellery
 m - a ring of resist corrosion (left hand)
 q - a +6 ring of dexterity (right hand)
 u - a ring of flight
 L - an amulet of guardian spirit
 M - a +6 ring of dexterity
 N - an amulet of faith
Wands
 E - a wand of quicksilver (18)
 H - a wand of digging (3)
 O - a wand of flame (7)
Scrolls
 e - 2 scrolls of fear {unknown}
 f - 5 scrolls of noise {unknown}
 g - 2 scrolls of poison {unknown}
 i - 3 scrolls of revelation {unknown}
 j - a scroll of brand weapon {unknown}
 n - 4 scrolls of teleportation
 o - 4 scrolls of enchant weapon {unknown}
 v - 9 scrolls of identify {unknown}
 w - 3 scrolls of silence {unknown}
 y - 3 scrolls of vulnerability {unknown}
 B - 4 scrolls of immolation {unknown}
 I - a scroll of acquirement {unknown}
 Q - a scroll of fog {unknown}
Potions
 b - 3 potions of magic
 k - 3 potions of brilliance {unknown}
 p - a potion of might {unknown}
 r - a potion of ambrosia {unknown}
 s - a potion of haste {unknown}
 x - a potion of attraction {unknown}
 z - 3 potions of curing {unknown}
 A - 3 potions of degeneration {unknown}
 D - a potion of resistance {unknown}
 F - a potion of heal wounds {unknown}
 G - a potion of mutation {unknown}
 P - a potion of enlightenment {unknown}


   Skills:
 + Level 9.4 Fighting
 - Level 6.0 Armour
 - Level 6.0 Dodging
 - Level 1.7 Stealth
 - Level 5.1 Shields
 - Level 5.0 Spellcasting
 + Level 11.3 Conjurations


You had 17 spell levels left.
You knew the following spells:

 Your Spells              Type           Power      Damage    Failure   Level
a - Magic Dart            Conj           100%       1d8       1%          1
b - Searing Ray           Conj           100%       2d8       1%          2

Your spell library contained the following spells:

 Spells                   Type           Power      Damage    Failure   Level
 Airstrike                Air            3%         2d(1-17)  32%         4
 Dazzling Flash           Conj/Hex       66%        N/A       1%          3
 Hailstorm                Conj/Ice       33%        3d8       1%          3
 Fulminant Prism          Conj/Hex       16%        3d10      3%          4
 Iskenderun's Mystic Bla  Conj/Tloc      33%        2d8       3%          4
 Frozen Ramparts          Ice            12%        1d2       11%         3
 Volatile Blastmotes      Fire/Tloc      12%        2d11      11%         3
 Ensorcelled Hibernation  Hex/Ice        12%        N/A       21%         2
 Jinxbite                 Hex            12%        N/A       21%         2
 Passwall                 Tmut/Erth      5%         N/A       21%         2
 Ozocubu's Armour         Ice            6%         N/A       36%         3
 Swiftness                Air            6%         N/A       36%         3
 Anguish                  Hex/Necr       3%         N/A       78%         4
 Manifold Assault         Tloc           6%         N/A       78%         4
 Petrify                  Tmut/Erth      6%         N/A       78%         4
 Summon Ice Beast         Ice/Summ       6%         N/A       78%         4
 Metabolic Englaciation   Hex/Ice        3%         N/A       98%         5
 Dispersal                Tloc           3%         N/A       100%        6
 Simulacrum               Ice/Necr       3%         N/A       100%        6
 Disjunction              Tloc           3%         N/A       100%        8


Dungeon Overview and Level Annotations

Branches:
Dungeon (8/15)             Temple (1/1) D:5            Lair (2/5) D:8
 Shoals (0/4) Lair:2      Ossuary (visited)
  Snake: Lair:2-3    Spider: Lair:2-3

Altars:
Ashenzari
Cheibriados
Dithmenos
Fedhas
Gozag
Hepliaklqana
Kikubaaqudgha
Makhleb
Nemelex Xobeh
Okawaru
Qazlal
Ru
Sif Muna
Trog
Uskayaw
Vehumet
Wu Jian
Xom
Yredelemnul

Shops:
D:5 [   D:6 *   D:7 *   D:8 ?

Annotations:
D:3 1 runed translucent door, Crazy Yiuf


Innate Abilities, Weirdness & Mutations

You regenerate health from kills.
When hurt, damage is shared between your health and your magic reserves.
You regenerate magic rapidly.
When seriously injured, your blood forms thick armour. (AC +9)
You have a small tail.


Message History

Press: ? - help, Shift-Dir - straight line, f/p - komodo dragon
Aim: a komodo dragon (lightly wounded, 100% to hit)
The magic dart hits the komodo dragon.
The komodo dragon is lightly wounded.
Casting: Magic Dart (safe; 1% risk of failure)
Confirm with . or Enter, or press ? or * to list all spells.
Aiming: Searing Ray (safe; 1% risk of failure)
Press: ? - help, Shift-Dir - straight line, f/p - komodo dragon
Aim: a komodo dragon (lightly wounded, 87% to hit)
The searing ray hits the komodo dragon.
The komodo dragon is lightly wounded. (Press . to maintain the ray.)
The searing ray hits the komodo dragon.
The komodo dragon is moderately wounded.
The searing ray hits the komodo dragon.
The komodo dragon is moderately wounded.
The searing ray hits the komodo dragon.
The komodo dragon is heavily wounded.
You finish channelling your searing ray.
The komodo dragon bites you!!
* * * LOW HITPOINT WARNING * * *
Casting: Searing Ray (safe; 1% risk of failure)
Confirm with . or Enter, or press ? or * to list all spells.
Aiming: Searing Ray (safe; 1% risk of failure)
Press: ? - help, Shift-Dir - straight line, f/p - komodo dragon
Aim: a komodo dragon (heavily wounded, 87% to hit)
The searing ray hits the komodo dragon.
The komodo dragon is heavily wounded. (Press . to maintain the ray.)
The komodo dragon closely misses you.
The searing ray hits the komodo dragon.
The komodo dragon is severely wounded.
The komodo dragon barely misses you.
Without enough magic to sustain it, your searing ray dissipates.
The komodo dragon bites you!
* * * LOW HITPOINT WARNING * * *
You hit the komodo dragon.
The komodo dragon is poisoned.
The komodo dragon is severely wounded.
The komodo dragon bites you!
You die...

##### #@..# #l..#
#...### ##.....##
#.........
#.......#.
#.######.........
..l..............
.###......P.PPP..


You could see a komodo dragon (very poisoned).

Vanquished Creatures
  5 cane toads
  A torpor snail (Lair:1)
  A komodo dragon (Lair:2)
  A rime drake (Lair:2)
  Prince Ribbit (D:7)
  Grinder (D:3)
  4 blink frogs
  24 yaks
  3 basilisks
  2 steam dragons
  An acid dragon (D:8)
  10 water moccasins
  2 ice beasts (D:7)
  An ogre (D:5)
  2 black bears
  A sky beast (D:7)
  2 phantoms
  2 centaurs (Lair:2)
  7 bullfrogs
  A gnoll sergeant (D:8)
  5 wights (D:8)
  5 killer bees (D:7)
  A howler monkey (D:5)
  6 orc priests
  3 hounds
  4 jellies
  A human zombie (Ossuary)
  2 iguanas
  Jessica (D:3)
  Terence (D:3)
  11 orc wizards
  A hound zombie (Ossuary)
  4 mummies (Ossuary)
  4 gnolls
  5 adders
  A shadow imp (D:5)
  2 white imps
  2 ufetubi
  2 adder zombies (Ossuary)
  A worm (D:4)
  A dart slug (D:1)
  31 orcs
  6 bats
  6 endoplasms
  3 giant cockroaches
  9 goblins
  7 hobgoblins
  7 kobolds
  3 quokkas
  3 ball pythons
  8 frilled lizards
  A goblin zombie (Ossuary)
  4 hobgoblin zombies (Ossuary)
  A kobold zombie (Ossuary)
  An orc zombie (Ossuary)
  4 rats
  A rat zombie (Ossuary)
230 creatures vanquished.

Vanquished Creatures (others)
  An orc (D:8)
1 creature vanquished.

Grand Total: 231 creatures vanquished

Notes
Turn   | Place    | Note
-------+----------+-------------------------------------------
     0 | D:1      | Essalna the Demonspawn Conjurer began the quest for the
                  | Orb.
     0 | D:1      | Reached XP level 1. HP: 13/13 MP: 3/3
    13 | D:1      | Noticed an electric eel
   232 | D:1      | Gained mutation: When seriously injured, your blood forms
                  | armour. (AC +9) [demonic ancestry]
   232 | D:1      | Reached XP level 2. HP: 19/19 MP: 3/5
   626 | D:1      | Reached XP level 3. HP: 24/24 MP: 0/7
  1807 | D:3      | Reached XP level 4. HP: 25/30 MP: 3/8
  1974 | D:3      | Learned a level 2 spell: Searing Ray
  1995 | D:3      | Found a runed translucent door.
  1996 | D:3      | Noticed Crazy Yiuf
  2102 | D:3      | Reached skill level 5 in Conjurations
  2102 | D:3      | Gained mutation: You regenerate a little health from kills.
                  | [demonic ancestry]
  2102 | D:3      | Reached XP level 5. HP: 33/35 MP: 4/10
  2189 | D:3      | Noticed Grinder
  2196 | D:3      | Paralysed by Grinder for 4 turns
  2198 | D:3      | Noticed Jessica
  2203 | D:3      | Killed Jessica
  2204 | D:3      | Killed Grinder
  2205 | D:3      | Reached skill level 6 in Conjurations
  2205 | D:3      | Gained mutation: When seriously injured, your blood forms
                  | thick armour. (AC +9) [demonic ancestry]
  2205 | D:3      | Reached XP level 6. HP: 38/41 MP: 7/13
  2245 | D:3      | Found a faded altar of an unknown god.
  2381 | D:3      | Found an ornate altar of the Wu Jian Council.
  2604 | D:3      | Noticed Terence
  2613 | D:3      | Killed Terence
  3091 | D:4      | Reached skill level 1 in Fighting
  3091 | D:4      | Reached skill level 5 in Spellcasting
  3238 | D:4      | Reached XP level 7. HP: 48/48 MP: 7/14
  3239 | D:4      | Noticed a steam dragon
  3535 | D:4      | Killed a steam dragon
  3748 | D:4      | Reached skill level 7 in Conjurations
  4165 | D:5      | Entered Level 5 of the Dungeon
  4200 | D:5      | Found a sand-covered staircase.
  4211 | Ossuary  | Entered an ossuary
  4700 | D:5      | Found Dumaast's Antique Armour Shoppe.
  4709 | D:5      | Bought a pair of glowing boots for 172 gold pieces
  4740 | D:5      | Reached skill level 1 in Armour
  4962 | D:5      | Gained mutation: You regenerate magic rapidly. [demonic
                  | ancestry]
  4962 | D:5      | Reached XP level 8. HP: 58/58 MP: 11/15
  5012 | D:5      | Found a staircase to the Ecumenical Temple.
  5022 | Temple   | Entered the Ecumenical Temple
  5041 | Temple   | Became a worshipper of Vehumet
  5409 | D:6      | Found Timeh's General Store.
  6351 | D:7      | Noticed Prince Ribbit
  6362 | D:7      | Killed Prince Ribbit
  6550 | D:7      | Reached skill level 8 in Conjurations
  6730 | D:7      | Reached * piety under Vehumet
  6730 | D:7      | Offered knowledge of Kiss of Death by Vehumet.
  6731 | D:7      | Reached skill level 5 in Fighting
  6731 | D:7      | Gained mutation: You regenerate health from kills. [demonic
                  | ancestry]
  6731 | D:7      | Reached XP level 9. HP: 68/68 MP: 8/16
  6881 | D:7      | Found Apra's General Store.
  7472 | D:8      | Reached skill level 1 in Shields
  7600 | D:8      | Offered knowledge of Scorch by Vehumet.
  7666 | D:8      | Reached ** piety under Vehumet
  7667 | D:8      | Reached skill level 5 in Dodging
  7675 | D:8      | Reached skill level 9 in Conjurations
  7714 | D:8      | Found Nurchaudoy's Magic Scroll Boutique.
  7723 | D:8      | Bought a scroll of blinking for 97 gold pieces
  7723 | D:8      | Bought a scroll of teleportation for 39 gold pieces
  7748 | D:8      | Reached skill level 5 in Armour
  7755 | D:8      | Gained mutation: You have a small tail. [demonic ancestry]
  7755 | D:8      | Reached XP level 10. HP: 55/77 MP: 9/17
  8322 | D:8      | Found a staircase to the Lair.
  8423 | Lair:1   | Entered Level 1 of the Lair of Beasts
  8728 | Lair:1   | Offered knowledge of Mephitic Cloud by Vehumet.
  8747 | Lair:1   | Noticed a torpor snail
  8789 | Lair:1   | Reached *** piety under Vehumet
  8796 | Lair:1   | Reached skill level 10 in Conjurations
  8814 | Lair:1   | Gained mutation: When hurt, damage is shared between your
                  | health and your magic reserves. [demonic ancestry]
  8814 | Lair:1   | Reached XP level 11. HP: 86/86 MP: 6/18
  8822 | Lair:1   | Reached skill level 5 in Shields
  9326 | Lair:1   | Offered knowledge of Airstrike by Vehumet.
  9708 | Lair:2   | HP: 4/87 [poisoned by a cane toad]
  9712 | Lair:2   | HP: 1/87 [poisoned by a cane toad]
 10082 | Lair:2   | Reached skill level 11 in Conjurations
 10157 | Lair:2   | Noticed a skyshark
 10164 | Lair:2   | Found a staircase to the Shoals.
 10196 | Lair:2   | Slain by a komodo dragon

Illustrated notes

Levels and vault maps discovered:
D:1:      arrival_aquarium_a, layout_rooms, minmay_box_of_dots
D:2:      layout_basic
D:3:      layout_loops_ring, nicolae_wu_jian_glorious_leap,
          hellmonk_ecumenical_altar_pennies_from_heaven, uniq_terence,
          uniq_jessica, uniq_crazy_yiuf_cottage, uniq_grinder
D:4:      layout_loops_cross
D:5:      layout_basic, minmay_temple_entry_grid, nicolae_ossuary_entry_ruins,
          serial_shops, nicolae_shop_stone, hangedman_abyss_or_decor_passed
D:6:      layout_layer_cave, serial_shops, nicolae_shop_rolling_square
D:7:      layout_loops_cross, serial_shops, kennysheep_mini, uniq_prince_ribbit1
D:8:      layout_loops_ring, dpeg_oklobed_lair, serial_shops,
          nicolae_shop_waterfront
Temple:   nicolae_temple_slightly_damp_pantheon
Lair:1:   layout_roguey, grunt_megastairs_4, infiniplex_staircase_pool_2
Lair:2:   layout_small_grid, minmay_shoals_entry_centaurs, grunt_megastairs_2,
          lemuel_fruit_tree, serial_bayou_shore_b, uniq_harold

Skill      XL: |  1  2  3  4  5  6  7  8  9 10 11 |
---------------+----------------------------------+-----
Spellcasting   | 3 4 5 |  5.0
Conjurations   | 5 6 7 8 9 10 11 | 11.3
Fighting       | 1 3 5 6 7 9 |  9.4
Dodging        | 2 4 5 6 |  6.0
Armour         | 1 3 5 6 |  6.0
Shields        | 2 4 5 |  5.1
Stealth        | |  1.7

Action                     |  1- 3 |  4- 6 |  7- 9 | 10-12 || total
---------------------------+-------+-------+-------+-------++-------
  Melee: Dagger            |    20 |       |    37 |    83 ||   140
         Unarmed           |     1 |       |       |       ||     1
         Punch             |     1 |       |       |       ||     1
         Tailslap          |       |       |       |    17 ||    17
   Cast: Magic Dart        |    77 |    45 |   184 |    81 ||   387
         Searing Ray       |       |     8 |    40 |    44 ||    92
  Evoke: Wand              |       |       |       |     6 ||     6
    Use: Potion            |       |     1 |       |       ||     1
         Scroll            |       |       |       |     3 ||     3
   Stab: Sleeping          |       |       |       |     1 ||     1
 Armour: Robe              |    15 |    10 |   135 |   126 ||   286
  Dodge: Dodged            |    23 |     4 |   138 |   116 ||   281
  Block: Buckler           |       |       |     5 |    49 ||    54

Table legend: (Time is in decaauts)
 A = Elapsed time spent in this place.
 B = Non-inter-level travel time spent in this place.
 C = Inter-level travel time spent in this place.
 D = Time resting spent in this place.
 E = Time spent auto-exploring this place.
 F = Levels seen in this place.
 G = Mean time per level.
                   A        B        C        D        E       F      G
               +--------+--------+--------+--------+--------+-----+--------+
         Total |  10216 |   9877 |    339 |      0 |   8360 |  12 |  851.3 |
       Dungeon |   7932 |   7654 |    278 |      0 |   6640 |   8 |  991.5 |
        Temple |     38 |      2 |     36 |      0 |      0 |   1 |   38.0 |
          Lair |   1793 |   1768 |     25 |      0 |   1369 |   2 |  896.5 |
       Ossuary |    451 |    451 |      0 |      0 |    351 |   1 |  451.0 |
               +--------+--------+--------+--------+--------+-----+--------+

Top non-repeatable levels by time:
  Lair:1: 1288 daAuts
     D:3: 1238 daAuts
     D:8: 1145 daAuts
     D:4: 1096 daAuts
     D:6: 1031 daAuts
     D:1: 971 daAuts
     D:7: 938 daAuts
     D:2: 857 daAuts
     D:5: 652 daAuts
  Lair:2: 505 daAuts
 Ossuary: 451 daAuts
  Temple: 38 daAuts
